 Dungeon Crawl Stone Soup version 0.20-a0-1034-gb277f92 (webtiles) character file.

4818 JeffiDaFish the Blocker (level 10, 0/64 HPs)
             Began as a Gargoyle Fighter on Apr 21, 2017.
             Was an Initiate of Okawaru.
             Slain by Gastronok (4 damage)
             ... on level 8 of the Dungeon on Apr 22, 2017.
             The game lasted 00:26:59 (7318 turns).

JeffiDaFish the Blocker (Gargoyle Fighter)          Turns: 7318, Time: 00:27:00

Health: 0/64       AC: 28    Str: 16 (19) XL:     10   Next: 48%
Magic:  9/9        EV:  6    Int:  8 (10) God:    Okawaru [......]
Gold:   408        SH: 11    Dex: 11 (12) Spells: 9/9 levels left

rFire    + . .     SeeInvis .   e - +2 whip (flame)
rCold    x . .     Gourm    .   c - +0 shield
rNeg     + . .     Faith    .   j - +0 plate armour
rPois    ∞         Spirit   .   (no helmet)
rElec    +         Reflect  .   s - +1 cloak
rCorr    .         Harm     .   h - +2 pair of gloves
MR       +....                  n - +0 pair of boots
Stlth    ..........             (no amulet)
Regen    0.2/turn               v - ring of fire
MPRegen  0.2/turn               (no ring)

@: exhausted, slowed, very slow
A: big wings, rugged brown scales 1, low mp 1, magic resistance 1, negative
energy resistance 1, electricity resistance, unbreathing, petrification
resistance, rot immunity, AC +7
a: Fly, Renounce Religion


You were on level 8 of the Dungeon.
You worshipped Okawaru.
Okawaru was noncommittal.
You were not hungry.

You visited 2 branches of the dungeon, and saw 9 of its levels.

You collected 408 gold pieces.

Inventory:

Hand Weapons
 e - a +2 whip of flaming (weapon)
Armour
 c - a +0 shield (worn)
 h - a +2 pair of gloves (worn)
 j - a +0 plate armour (worn)
 n - a +0 pair of boots (worn)
 s - a +1 cloak (worn)
Jewellery
 v - a ring of fire (left hand)
Scrolls
 g - 2 scrolls of remove curse
 k - 4 scrolls of identify
 q - 2 scrolls of teleportation
 r - a scroll of magic mapping
 u - a scroll of recharging
Potions
 d - a potion of magic
 i - a potion of invisibility
 p - a potion of berserk rage
 w - a potion of brilliance
Books
 b - a book of Geomancy

   Spells                             Type                      Level
   a - Sandblast                      Earth                        1
   b - Passwall                       Transmutation/Earth          2
   c - Stone Arrow                    Conjuration/Earth            3
   d - Petrify                        Transmutation/Earth          4
   e - Lee's Rapid Deconstruction     Earth                        5
 o - a book of Necromancy

   Spells                             Type                      Level
   a - Pain                           Necromancy                   1
   b - Animate Skeleton               Necromancy                   1
   c - Vampiric Draining              Necromancy                   3
   d - Regeneration                   Charms/Necromancy            3
   e - Animate Dead                   Necromancy                   4
   f - Control Undead                 Necromancy                   4
 x - a Young Poisoner's Handbook

   Spells                             Type                      Level
   a - Sting                          Conjuration/Poison           1
   b - Poisonous Vapours              Poison/Air                   2
   c - Mephitic Cloud                 Conjuration/Poison/Air       3
   d - Olgreb's Toxic Radiance        Poison                       4
   e - Venom Bolt                     Conjuration/Poison           5
Comestibles
 a - 8 chunks of flesh
 f - 9 bread rations
 l - 3 fruits
 m - 2 meat rations
 t - 3 royal jellies


   Skills:
 + Level 7.3 Fighting
 + Level 8.8 Maces & Flails
 + Level 7.8 Armour
 + Level 6.0 Dodging
 + Level 5.5 Stealth
 + Level 9.2 Shields
 + Level 0.8 Unarmed Combat


You had 9 spell levels left.
You didn't know any spells.

Dungeon Overview and Level Annotations

Branches:
Dungeon (8/15)             Temple (1/1) D:7
   Lair: D:8-11

Altars:
Ashenzari
Dithmenos
Elyvilon
Gozag
Makhleb
Okawaru
Ru
Sif Muna
Vehumet
Xom
Yredelemnul
Zin

Annotations:
D:8 Gastronok


Innate Abilities, Weirdness & Mutations

You are resistant to torment.
Your stone body is resilient. (AC +7)
You are immune to poison.
You resist negative energy. (rN+)
You are resistant to electric shocks. (rElec)
You can survive without breathing.
You are immune to petrification.
You are immune to rotting.
Your large and strong wings let you fly indefinitely.
You are partially covered in rugged brown scales. (AC +1, +3% HP)
Your magical capacity is low. (-10% MP)
You are resistant to hostile enchantments. (MR+)


Message History

* * * LOW HITPOINT WARNING * * *
You hit Gastronok. You burn Gastronok.
Gastronok is almost dead.
You hit Gastronok. You burn Gastronok.
Gastronok is almost dead.
Gastronok casts a spell.
You hit Gastronok. You burn Gastronok.
Gastronok is almost dead.
The bat hits you but does no damage. You block the bat's attack.
You hit Gastronok. You burn Gastronok.
Gastronok is almost dead.
The bat hits you but does no damage. x2; Gastronok barely misses you.
You hit Gastronok but do no damage.
Gastronok is almost dead.
You block the bat's attack. The bat hits you but does no damage.
Your plate armour prevents you from hitting Gastronok.
Gastronok is almost dead.
The bat hits you but does no damage. You block the bat's attack.
Gastronok bites you.
You die...

#[#.# #÷#.#####
########.#.....#
#...#..).#####.#
##.#.#.########.#########
...[....................#
.#.######...###b#######.#
.#..<...#.#.###.#######..#
.......).......b@wZr......
.#...<..#.##############.#
!.....#.#... ##......#####
#.###### ##.# ...# ####


You could see Gastronok, a river rat, a worker ant zombie and 2 bats.

Vanquished Creatures
  Pikel (D:5)
  The ghost of ProzacElf the Magician, a novice DEEE (D:5)
  The ghost of Sonofthefire the Covert, a novice SpAs (D:6)
  Prince Ribbit (D:7)
  Sigmund (D:3)
  A wyvern (D:7)
  Menkaure (D:7)
  Edmund (D:5)
  A water moccasin (D:6)
  2 orc warriors (D:6)
  2 ice beasts
  2 slaves (D:5)
  2 sky beasts (D:7)
  A phantom (D:5)
  2 centaurs
  2 ogres
  3 bullfrogs
  3 scorpions
  6 killer bees
  2 howler monkeys (D:6)
  3 crimson imps
  4 hounds
  A jelly (D:7)
  6 orc priests
  Crazy Yiuf (D:3)
  An iguana (D:5)
  Natasha (thrice) (D:3)
  3 orc wizards
  6 worker ants
  A killer bee zombie (D:6)
  A hound skeleton (D:4)
  A worker ant zombie (D:7)
  A howler monkey skeleton (D:7)
  7 adders
  3 gnolls (D:3)
  A shadow imp (D:5)
  2 oozes
  4 worms
  3 dart slugs
  5 leopard geckos
  37 orcs
  5 giant cockroaches
  6 goblins
  13 hobgoblins
  6 jackals
  3 quokkas
  A ball python (D:1)
  13 bats
  2 frilled lizards
  A goblin zombie (D:2)
  2 jackal skeletons
  7 kobolds
  3 rats (D:1)
192 creatures vanquished.

Vanquished Creatures (others)
  2 orc wizards (D:5)
  A giant cockroach (D:5)
  A quokka (D:5)
4 creatures vanquished.

Grand Total: 196 creatures vanquished

Notes
Turn   | Place    | Note
-------+----------+-------------------------------------------
     0 | D:1      | JeffiDaFish the Gargoyle Fighter began the quest for the Orb.
     0 | D:1      | Reached XP level 1. HP: 14/14 MP: 1/1
   170 | D:1      | Gained mutation: You are resistant to hostile enchantments. (MR+) [potion of mutation]
   170 | D:1      | Gained mutation: Your large and strong wings let you fly indefinitely. [potion of mutation]
   170 | D:1      | Gained mutation: Your magical capacity is low. (-10% MP) [potion of mutation]
   170 | D:1      | Gained mutation: You are partially covered in rugged brown scales. (AC +1, +3% HP) [potion of mutation]
   184 | D:1      | Reached XP level 2. HP: 19/19 MP: 1/1
   449 | D:1      | Found a blossoming altar of Fedhas.
   451 | D:1      | Found an opulent altar of Gozag.
   451 | D:1      | Found a shadowy altar of Dithmenos.
   453 | D:1      | Found a shadowy altar of Dithmenos.
   453 | D:1      | Found a shimmering altar of Xom.
   453 | D:1      | Found a shimmering altar of Xom.
   458 | D:1      | Reached XP level 3. HP: 21/23 MP: 2/2
  1162 | D:2      | Reached XP level 4. HP: 25/28 MP: 3/3
  1328 | D:2      | Found a runed door.
  1328 | D:2      | Noticed a human
  1333 | D:2      | Found a basalt altar of Yredelemnul.
  1601 | D:3      | Noticed Sigmund
  1619 | D:3      | Killed Sigmund
  1619 | D:3      | Reached skill level 4 in Shields
  1619 | D:3      | Reached XP level 5. HP: 22/33 MP: 4/4
  1619 | D:3      | Reached XP level 6. HP: 26/39 MP: 5/5
  1763 | D:3      | Noticed Natasha
  1788 | D:3      | Killed Natasha
  1814 | D:3      | Noticed Natasha
  1832 | D:3      | Killed Natasha
  1832 | D:3      | Reached skill level 5 in Shields
  2053 | D:3      | Noticed Natasha
  2066 | D:3      | Killed Natasha
  2076 | D:3      | Found a runed door.
  2168 | D:3      | Reached skill level 1 in Dodging
  2200 | D:3      | Reached skill level 5 in Dodging
  2200 | D:3      | Reached skill level 5 in Stealth
  2200 | D:3      | Reached skill level 7 in Shields
  2200 | D:3      | Reached XP level 7. HP: 48/48 MP: 6/6
  2377 | D:3      | Found a glowing silver altar of Zin.
  2499 | D:3      | Noticed Crazy Yiuf
  2507 | D:3      | Killed Crazy Yiuf
  2603 | D:4      | Reached XP level 8. HP: 53/53 MP: 7/7
  3817 | D:5      | Entered Level 5 of the Dungeon
  3877 | D:5      | Found a white marble altar of Elyvilon.
  3980 | D:5      | Noticed Edmund
  3983 | D:5      | Noticed ProzacElf's ghost (novice DEEE)
  3993 | D:5      | Noticed Pikel
  4016 | D:5      | Killed Edmund
  4020 | D:5      | Killed ProzacElf's ghost
  4103 | D:5      | Killed Pikel
  4103 | D:5      | Reached XP level 9. HP: 38/57 MP: 8/8
  4627 | D:5      | Found a sacrificial altar of Ru.
  4752 | D:6      | Noticed Sonofthefire's ghost (novice SpAs)
  4792 | D:6      | Killed Sonofthefire's ghost
  4792 | D:6      | Reached skill level 8 in Shields
  5630 | D:7      | Found a deep blue altar of Sif Muna.
  5672 | D:7      | Reached XP level 10. HP: 64/64 MP: 9/9
  6038 | D:7      | Noticed Prince Ribbit
  6201 | D:7      | Found a staircase to the Ecumenical Temple.
  6269 | Temple   | Entered the Ecumenical Temple
  6335 | Temple   | Became a worshipper of Warmaster Okawaru
  6423 | D:7      | Reached skill level 9 in Shields
  6446 | D:7      | Noticed Menkaure
  6459 | D:7      | Killed Menkaure
  7027 | D:7      | Killed Prince Ribbit
  7283 | D:8      | Noticed Gastronok
  7312 | D:8      | HP: 3/64 [Gastronok (20)]
  7318 | D:8      | Slain by Gastronok

Vault maps used:
D:1:      scummos_arrival_forest, st_stairs_13, hex_medium, doesnt_xom_only_xom
D:2:      dk_yredelemnul_ordeal
D:3:      minmay_wonky_spiral, zin_scriptorium, first_bread, uniq_natasha,
          uniq_crazy_yiuf_cottage, uniq_sigmund
D:5:      elyvilon_altar_4, kennysheep_mini, uniq_pikel, uniq_edmund
D:7:      led_sif_book, minmay_temple_entry_trees, uniq_prince_ribbit1,
          uniq_menkaure
D:8:      minmay_separated_statues, uniq_gastronok
Temple:   nicolae_temple_figure_eight

Skill      XL: |  1  2  3  4  5  6  7  8  9 10 |
---------------+-------------------------------+-----
Maces & Flails | 3 4 6 7 8 |  8.8
Armour         | 4 6 7 |  7.8
Shields        | 4 7 8 9 |  9.2
Fighting       | 6 7 |  7.3
Dodging        | 5 6 |  6.0
Stealth        | 5 |  5.5
Unarmed Combat | |  0.8

Action                   |  1- 3 |  4- 6 |  7- 9 | 10-12 || total
-------------------------+-------+-------+-------+-------++-------
Melee: Flail             |    95 |       |       |       ||    95
       Whip              |    67 |   171 |   496 |   340 ||  1074
       Unarmed           |       |       |     9 |       ||     9
  Use: Potion            |     5 |     2 |     4 |     3 ||    14
       Scroll            |     3 |     2 |    12 |     1 ||    18
  Eat: Chunk             |     1 |     4 |    11 |     6 ||    22
Armor: Scale mail        |    98 |    48 |    67 |       ||   213
       Plate armour      |       |       |    58 |   150 ||   208
       Chain mail        |       |       |    58 |       ||    58
Dodge: Dodged            |    52 |    48 |   121 |    42 ||   263
Block: Shield            |   101 |    53 |   207 |   124 ||   485
